 Seeded DCSS version 0.28-a0-1555-g9ae15a6949 (webtiles) character file.

Game seed: 120 (custom seed)

35 knot the Skirmisher (level 3, 23/29 HPs)
             Began as a Demonspawn Berserker on Jan 19, 2022.
             Was a Follower of Trog.
             Quit the game on level 2 of the Dungeon.
             The game lasted 00:00:42 (1221 turns).

knot the Skirmisher (Demonspawn Berserker)          Turns: 1221, Time: 00:00:42

Health: 23/29      AC:  2    Str: 17    XL:     3   Next: 17%
Magic:  3/3        EV: 12    Int: 10    God:    Trog [*.....]
Gold:   91         SH:  0    Dex: 12    Spells: 2/2 levels left

rFire   . . .      SeeInvis .   a - +0 hand axe
rCold   . . .      Faith    .   (no shield)
rNeg    . . .      Spirit   .   b - +0 animal skin
rPois   .          Reflect  .   (no helmet)
rElec   .          Harm     .   (no cloak)
rCorr   .          Rampage  .   (no gloves)
Will    .....                   (no boots)
Stlth   +.........              (no amulet)
HPRegen 0.09/turn               (no ring)
MPRegen 0.08/turn               (no ring)

@: no status effects
A: claws 1, powered by pain 1
a: Renounce Religion, Berserk


You were on level 2 of the Dungeon.
You worshipped Trog.
Trog was aware of your devotion.
You visited 1 branch of the dungeon, and saw 2 of its levels.

You collected 91 gold pieces.

Inventory:

Hand Weapons
 a - a +0 hand axe (weapon)
Missiles
 f - 5 poisoned darts (quivered)
 j - 2 stones
Armour
 b - a +0 animal skin (worn)
Scrolls
 h - a scroll of torment {unknown}
Potions
 c - a potion of curing {unknown}
 d - a potion of brilliance {unknown}
 e - a potion of heal wounds {unknown}
 g - a potion of degeneration {unknown}
 i - a potion of haste {unknown}


   Skills:
 + Level 3.3 Fighting
 + Level 3.0 Axes
 + Level 2.2 Armour
 + Level 2.2 Dodging


You had 2 spell levels left.
You didn't know any spells.
Your spell library was empty.

Dungeon Overview and Level Annotations

Branches:
Dungeon (2/15)

Altars:


Innate Abilities, Weirdness & Mutations

You have sharp fingernails.
You sometimes gain a little power by taking damage.


Message History

An adder is nearby!
A rat comes into view.
The adder hisses angrily.
The adder closely misses you. x2
You hit the adder.
The adder is severely wounded.
The adder completely misses you.
You miss the adder.
The adder is severely wounded.
The adder bites you. The adder closely misses you.
You closely miss the adder.
The adder is severely wounded.
You hit the rat.
You kill the rat!
Trog accepts your kill. The adder barely misses you.
You hit the adder.
The adder is almost dead.
The adder bites you. The adder barely misses you.
You closely miss the adder.
The adder is almost dead.
The adder bites you but does no damage.
You barely miss the adder.
The adder is almost dead.
The adder misses you. x2
You barely miss the adder.
The adder is almost dead.
The adder barely misses you.
You closely miss the adder.
The adder is almost dead.
The adder barely misses you. x2
You hit the adder.
You kill the adder!
Trog accepts your kill.
You have reached level 3!
Your experience leads to an increase in your attributes!
Increase (S)trength, (I)ntelligence, or (D)exterity?
You feel clever. x2; Your demonic ancestry asserts itself...
You feel energised by your suffering.
Are you sure you want to abandon this character and quit the game? (Confirm with "yes".)

.......#..#....#
.. ...#....#...#
...#..##..#..# .
..#...##...#.###.#
#..........#....#
....####...#...#
#...# ##....$.#
..#...#####.###.#
..# #......@# .#
##.###.........
...####.### #.#.
#.#. . #. .# .. ..
..


There were no monsters in sight!

Vanquished Creatures
  An adder (D:2)
  3 ball pythons
  4 endoplasms
  A goblin (D:1)
  3 hobgoblins
  4 bats
  2 kobolds
  7 rats
25 creatures vanquished.

Notes
Turn   | Place    | Note
-------+----------+-------------------------------------------
     0 | D:1      | knot the Demonspawn Berserker began the quest for the Orb.
     0 | D:1      | Reached XP level 1. HP: 18/18 MP: 1/1
   174 | D:1      | Found a faded altar of an unknown god.
   175 | D:1      | Noticed a golden eye
   177 | D:1      | Noticed a golden eye
   177 | D:1      | Noticed a great orb of eyes
   177 | D:1      | Noticed a great orb of eyes
   569 | D:1      | Gained mutation: You have sharp fingernails. [demonic
                  | ancestry]
   569 | D:1      | Reached XP level 2. HP: 21/24 MP: 2/2
  1221 | D:2      | Gained mutation: You sometimes gain a little power by
                  | taking damage. [demonic ancestry]
  1221 | D:2      | Reached XP level 3. HP: 23/29 MP: 3/3
  1221 | D:2      | Quit the game

Illustrated notes

Levels and vault maps discovered:
D:1:      minmay_arrival_diagonal_passages, layout_basic,
          hellmonk_ecumenical_altar_watching_god
D:2:      layout_loops_corners, columned_hall_lemuel, minivault_26,
          minmay_tromino_mix6, uniq_robin

Skill      XL: |  1  2 |
---------------+-------+-----
Dodging        | 2 |  2.2
Armour         | 2 |  2.2
Axes           | 3 |  3.0
Fighting       | |  3.3

Action                   || total
-------------------------++-------
Melee: Hand axe          ||    63
Invok: Berserk           ||     1
 Stab: Sleeping          ||     3
Armor: Animal skin       ||    12
Dodge: Dodged            ||    56

Table legend: (Time is in decaauts)
 A = Elapsed time spent in this place.
 B = Non-inter-level travel time spent in this place.
 C = Inter-level travel time spent in this place.
 D = Time resting spent in this place.
 E = Time spent auto-exploring this place.
 F = Levels seen in this place.
 G = Mean time per level.
                   A        B        C        D        E       F      G
               +--------+--------+--------+--------+--------+-----+--------+
         Total |   1243 |   1225 |     18 |    148 |    901 |   2 |  621.5 |
       Dungeon |   1243 |   1225 |     18 |    148 |    901 |   2 |  621.5 |
               +--------+--------+--------+--------+--------+-----+--------+

Top non-repeatable levels by time:
     D:1: 841 daAuts
     D:2: 401 daAuts
